 Dungeon Crawl Stone Soup version 0.31-a0-818-ge7c7cf74f0 (webtiles) character file.

Game seed: 15223959361177516420

106 pokeman the Magician (level 4, 0/25 HPs)
             Began as a Deep Elf Hedge Wizard on Sept 22, 2023.
             Shot with a sling bullet by a goblin (5 damage)
             ... led by Robin
             ... on level 2 of the Dungeon.
             The game lasted 00:04:06 (1651 turns).

pokeman the Magician (Deep Elf Hedge Wizard)        Turns: 1651, Time: 00:04:07

Health: 0/25       AC:  2    Str:  7    XL:     4   Next: 55%
Magic:  2/13       EV: 12    Int: 21    God:
Gold:   45         SH:  0    Dex: 14    Spells: 6/14 levels left

rFire   . . .        j - +0 short sword (venom)
rCold   . . .        (no shield)
rNeg    . . .        b - +0 robe
rPois   .            c - +0 hat
rElec   .            (no cloak)
rCorr   .            (no gloves)
SInv    .            (no boots)
Will    .....        (no amulet)
Stlth   ++           (no ring)
HPRegen 0.24/turn    (no ring)
MPRegen 0.13/turn

%: no passive effects
@: no status effects
A: no striking features
a: no special abilities


You were on level 2 of the Dungeon.
You visited 1 branch of the dungeon, and saw 2 of its levels.

You collected 45 gold pieces.

Inventory:

Hand Weapons
 j - a +0 short sword of venom (weapon)
Armour
 b - a +0 robe (worn)
 c - a +0 hat (worn)
Scrolls
 f - 6 scrolls of identify {unknown}
 g - a scroll of noise {unknown}
 h - a scroll of enchant weapon {unknown}
Potions
 d - a potion of magic
 e - 2 potions of heal wounds {unknown}
 i - a potion of curing {unknown}


   Skills:
 + Level 1.3 Fighting
 + Level 1.3 Armour
 - Level 2.4 Dodging
 - Level 2.4 Stealth
 * Level 5.8 Spellcasting
 + Level 2.2 Conjurations
 - Level 1.1 Summonings
 - Level 1.1 Translocations


You had 6 spell levels left.
You knew the following spells:

 Your Spells              Type           Power      Damage    Failure   Level
a - Magic Dart            Conj           60%        1d6       4%          1
b - Mephitic Cloud        Conj/Pois/Air  9%         N/A       22%         3
c - Call Imp              Summ           20%        N/A       10%         2
d - Blink                 Tloc           20%        N/A       10%         2

Your spell library contained the following spells:

 Spells                   Type           Power      Damage    Failure   Level
 Slow                     Hex            24%        N/A       10%         1
 Cigotuvi's Dreadful Rot  Necr/Pois/Air  12%        N/A       16%         2


Dungeon Overview and Level Annotations

Branches:
Dungeon (2/15)

Altars:

Annotations:
D:2 Robin


Message History

The dart slug looks as sick as possible!
The dart slug is almost dead.
You kill the dart slug!
The bat closely misses you. The gnoll hits you with a +0 spear.
* * * LOW HITPOINT WARNING * * *
Unknown command.
You hit the gnoll.
You kill the gnoll!
The bat hits you but does no damage.
Casting: Mephitic Cloud (extremely dangerous; 22% risk of failure)
Confirm with . or Enter, or press ? or * to list all spells.
Aiming: Magic Dart (safe; 4% risk of failure)
Press: ? - help, Shift-Dir - straight line, f - bat
Aim: a bat (100% to hit)
The magic dart hits the bat.
You kill the bat!
Unknown command.
A hobgoblin comes into view.
A goblin comes into view. It is wielding a +0 dagger.
Casting: Magic Dart (safe; 4% risk of failure)
Confirm with . or Enter, or press ? or * to list all spells.
Aiming: Magic Dart (safe; 4% risk of failure)
Press: ? - help, Shift-Dir - straight line, f - goblin
Aim: a goblin, wielding a +0 dagger (wandering, hasn't noticed you, 100% to hit)
The magic dart hits the goblin.
The goblin is moderately wounded.
The goblin shouts!
You hear a shout!
A goblin comes into view. It is wielding a +0 dagger.
The goblin shoots a sling bullet.
The sling bullet hits you.
* * * LOW HITPOINT WARNING * * *
You hear a shout!
Casting: Magic Dart (safe; 4% risk of failure)
Confirm with . or Enter, or press ? or * to list all spells.
Aiming: Magic Dart (safe; 4% risk of failure)
Press: ? - help, Shift-Dir - straight line, f - goblin, p - goblin
Aim: a goblin, wielding a +0 sling (100% to hit)
The magic dart hits the goblin.
The goblin is severely wounded.
The goblin shoots a sling bullet.
The sling bullet hits you.
You die...

... #. .... #.## # ....
#..######.# ..
...###....)...# ...
#).........# #.##
#..........#
.##...##..........# ..
........)..†......# .#
.(.......@).......# .#
#.......)†........# ..
........)..†......# ..
..................#
.......................###
[B....).....gg..........#
.g.........gg...........#
gw......g..............#
........#..(.........#...


You could see a hobgoblin and 4 goblins.

Vanquished Creatures
  5 gnolls (D:2)
  A worm (D:2)
  4 dart slugs
  7 bats
  4 endoplasms
  3 hobgoblins
  2 quokkas (D:1)
  3 ball pythons
  6 frilled lizards (D:1)
  4 goblins (D:2)
  6 kobolds
  6 rats
51 creatures vanquished.

Notes
Turn   | Place    | Note
-------+----------+-------------------------------------------
     0 | D:1      | pokeman the Deep Elf Hedge Wizard began the quest for the
                  | Orb.
     0 | D:1      | Reached XP level 1. HP: 10/10 MP: 7/7
   213 | D:1      | Reached XP level 2. HP: 15/15 MP: 6/9
   854 | D:1      | Reached skill level 5 in Spellcasting
  1106 | D:2      | Reached XP level 3. HP: 20/20 MP: 5/11
  1106 | D:2      | Noticed Robin
  1114 | D:1      | Learned a level 3 spell: Mephitic Cloud
  1117 | D:1      | Learned a level 2 spell: Call Imp
  1120 | D:1      | Learned a level 2 spell: Blink
  1307 | D:2      | Reached skill level 1 in Armour
  1316 | D:2      | Reached skill level 1 in Fighting
  1324 | D:2      | Reached XP level 4. HP: 10/25 MP: 2/13
  1651 | D:2      | Shot with a sling bullet by a goblin

Illustrated notes

Levels and vault maps discovered:
D:1:      dpeg_arrival_round_b, layout_basic, minmay_close_crescents
D:2:      layout_rooms, guppyfry_early_orc_mine, uniq_robin

Skill      XL: |  1  2  3 |
---------------+----------+-----
Spellcasting   | 5 |  5.8
Armour         | 1 |  1.3
Fighting       | 1 |  1.3
Conjurations   | 2 |  2.2
Dodging        | |  2.4
Stealth        | |  2.4
Summonings     | |  1.1
Translocations | |  1.1

Action                     |  1- 3 |  4- 6 || total
---------------------------+-------+-------++-------
  Melee: Dagger            |    15 |       ||    15
         Short sword       |    24 |    15 ||    39
   Cast: Magic Dart        |    75 |     8 ||    83
         Mephitic Cloud    |     5 |     2 ||     7
   Stab: Confused          |     1 |       ||     1
 Armour: Robe              |    38 |    18 ||    56
  Dodge: Dodged            |    51 |    18 ||    69

Table legend: (Time is in decaauts)
 A = Elapsed time spent in this place.
 B = Non-inter-level travel time spent in this place.
 C = Inter-level travel time spent in this place.
 D = Time resting spent in this place.
 E = Time spent auto-exploring this place.
 F = Levels seen in this place.
 G = Mean time per level.
                   A        B        C        D        E       F      G
               +--------+--------+--------+--------+--------+-----+--------+
         Total |   1653 |   1530 |    123 |    307 |    955 |   2 |  826.5 |
       Dungeon |   1653 |   1530 |    123 |    307 |    955 |   2 |  826.5 |
               +--------+--------+--------+--------+--------+-----+--------+

Top non-repeatable levels by time:
     D:1: 1537 daAuts
     D:2: 116 daAuts
